 Dungeon Crawl Stone Soup version 0.18.1-8-gdd0e5ea (webtiles) character file.

44 sveltemanboy the Caller (level 3, -4/31 HPs)
             Began as a Tengu Summoner on May 26, 2016.
             Slain by Metae's ghost (8 damage)
             ... on level 3 of the Dungeon.
             The game lasted 00:08:34 (2354 turns).

sveltemanboy the Caller (Tengu Summoner)            Turns: 2354, Time: 00:08:35

Health: -4/31      AC: 21    Str:  9    XL:     3   Next: 60%
Magic:  10/16      EV:  2    Int: 15    God:
Gold:   112        SH:  2    Dex: 14    Spells: 3 memorised, 0 levels left

rFire  . . .     SeeInvis .     (no weapon)
rCold  . . .     Gourm    .     (armour currently unavailable)
rNeg   + + +     Faith    .     (no shield)
rPois  +         Spirit   .     (helmet currently unavailable)
rElec  .         Dismiss  .     (cloak currently unavailable)
rCorr  .         Reflect  +     (gloves currently unavailable)
SustAt .         Harm     .     (boots unavailable)
MR     .....     NoTele   +     l - +2 amulet of reflection
Stlth  ++........               g - ring of magical power
                                e - ring of poison resistance

@: tree-form, very slightly contaminated, not resistant to hostile enchantments,
unstealthy
A: (beak), (talons 0)
a: no special abilities


You were on level 3 of the Dungeon.
You were hungry.
You were a tree.
You visited 1 branch of the dungeon, and saw 3 of its levels.

You collected 112 gold pieces.

Inventory:

Armour
 o - a +0 ring mail (melded)
Jewellery
 e - a ring of poison resistance (left branch)
 g - a ring of magical power (right branch)
 l - a +2 amulet of reflection (around neck)
 p - an uncursed ring of fire
Scrolls
 h - a scroll of immolation {unknown}
 i - a scroll of recharging {unknown}
 n - a scroll of blinking {unknown}
 q - a scroll of remove curse {unknown}
Potions
 d - a potion of cancellation {unknown}
 f - 2 potions of lignification
 j - a potion of haste {unknown}
 m - 2 potions of curing {unknown}
Books
 b - a book of Callings

   Spells                             Type                      Level
   a - Summon Small Mammal            Summoning                    1
   b - Call Imp                       Summoning                    2
   c - Call Canine Familiar           Summoning                    3
   d - Summon Guardian Golem          Hexes/Summoning              3
   e - Summon Lightning Spire         Summoning/Air                4
   f - Summon Ice Beast               Ice/Summoning                4
Comestibles
 a - a beef jerky
 c - 2 bread rations
 k - 3 chunks of flesh


   Skills:
 * Level 1.7 Fighting
 * Level 1.4 Armour
 - Level 2.1 Dodging
 - Level 2.0 Stealth
 - Level 2.0 Spellcasting
 + Level 5.4 Summonings


You couldn't memorise any spells.
You knew the following spells:

 Your Spells              Type           Power        Failure   Level  Hunger
a - Summon Small Mammal   Summ           ###.         2%          1    #......
b - Call Imp              Summ           ###.....     4%          2    ###....
c - Call Canine Familiar  Summ           ###.....     10%         3    ###....


Dungeon Overview and Level Annotations

Branches:
Dungeon (3/15)

Altars:
Sif Muna

Annotations:
D:3 Metae's ghost, amateur HOFi


Innate Abilities, Weirdness & Mutations

((You have a beak for a mouth.))
((You have claws for feet.))


Message History

Your hound closely misses Metae's ghost.
Your white imp barely misses Metae's ghost.
Your rat bites Metae's ghost.
You barely miss Metae's ghost.
Metae's ghost is severely damaged.
Metae's ghost hits you.
* * * LOW HITPOINT WARNING * * *
Your hound bites Metae's ghost.
Your white imp barely misses Metae's ghost.
Your rat bites Metae's ghost but does no damage.
You hit Metae's ghost but do no damage.
Metae's ghost is severely damaged.
Your hound bites Metae's ghost but does no damage.
Metae's ghost hits your hound.
Your hound barely misses Metae's ghost.
Your white imp hits Metae's ghost but does no damage.
Your rat bites Metae's ghost.
You hit Metae's ghost.
Metae's ghost is almost destroyed.
Metae's ghost hits you!
You die...

.######..........#
.................#
.######..........# ##
#..<.......# # #..........# ##
#..........# .# #........h.#
.# #........W5#### .##
#####....r♣...## ..#####
#..........# #.....#
####.#####.### .#.
......###### #.# #...####...
.............#.######..#......
.....#...# .................
###...##.# #.#######........
###..#.#####.## ##.b.....#..
#......##...###......#.#


You could see Metae's ghost, a friendly hound, a friendly white imp and a
friendly rat.

Vanquished Creatures
  A dart slug (D:1)
  A giant gecko (D:1)
  2 giant cockroaches
  2 hobgoblins
  2 kobolds
  A bat (D:2)
  A giant newt (D:2)
  2 rats
12 creatures vanquished.

Vanquished Creatures (collateral kills)
  An adder (D:2)
  A worm (D:2)
  A giant cockroach (D:3)
  9 goblins
  4 hobgoblins
  12 kobolds
  4 bats
  A giant newt (D:1)
  3 rats (D:1)
36 creatures vanquished.

Grand Total: 48 creatures vanquished

Notes
Turn   | Place    | Note
--------------------------------------------------------------
     0 | D:1      | sveltemanboy the Tengu Summoner began the quest for the Orb.
     0 | D:1      | Reached XP level 1. HP: 10/10 MP: 4/4
    95 | D:1      | Reached skill level 5 in Summonings
   259 | D:1      | Reached XP level 2. HP: 4/16 MP: 6/6
   297 | D:1      | Learned a level 2 spell: Call Imp
  1090 | D:1      | Reached skill level 1 in Fighting
  1393 | D:2      | Reached XP level 3. HP: 17/20 MP: 7/7
  1393 | D:2      | Reached skill level 1 in Armour
  1409 | D:2      | Found a faded altar to an unknown god.
  1719 | D:2      | Learned a level 3 spell: Call Canine Familiar
  1774 | D:2      | Found a deep blue altar of Sif Muna.
  2334 | D:3      | Noticed Metae's ghost (amateur HOFi)
  2354 | D:3      | Slain by Metae's ghost

Skill      XL: |  1  2  3 |
---------------+----------+-----
Summonings     | 5 |  5.4
Fighting       | 1 |  1.7
Armour         | 1 |  1.4
Dodging        | |  2.1
Stealth        | |  2.0
Spellcasting   | |  2.0

Action                   || total
-------------------------++-------
Melee: Unarmed           ||    58
       Kick              ||    13
       Peck              ||     5
 Cast: Summon Small Mamm ||    74
       Call Imp          ||     7
       Call Canine Famil ||     1
  Use: Potion            ||     1
 Stab: Distracted        ||     1
       Sleeping          ||     1
  Eat: Chunk             ||     6
Armor: Robe              ||     2
       Ring mail         ||     9
       Skin              ||     2
Dodge: Dodged            ||    42
Block: Other             ||     5
